 Dungeon Crawl Stone Soup version 0.18-a0-1514-g6ed9364 (webtiles) character file.

64 Duffy the Slasher (level 3, -2/31 HPs)
             Began as a Minotaur Abyssal Knight on Mar 6, 2016.
             Was a Believer of Lugonu.
             Slain by a goblin
             ... wielding a +2 dagger of electrocution
             ... led by Robin
              (3 damage)
             ... on level 4 of the Dungeon.
             The game lasted 00:01:24 (1323 turns).

Duffy the Slasher (Minotaur Abyssal Knight)         Turns: 1323, Time: 00:01:24

Health: -2/31      AC:  8    Str: 16    XL:     3   Next: 91%
Magic:  3/3        EV:  7    Int: 13    God:    Lugonu [**....]
Gold:   85         SH:  0    Dex:  9    Spells: 0 memorised, 2 levels left

rFire  . . .     SeeInvis .     a - +1 falchion
rCold  . . .     Gourm    .     g - +0 chain mail
rNeg   . . .     Faith    .     (no shield)
rPois  .         Spirit   .     m - +0 hat {Int+3}
rElec  .         Dismiss  .     (no cloak)
rCorr  .         Reflect  .     (no gloves)
SustAt .         Harm     .     (no boots)
MR     .....                    (no amulet)
Stlth  ..........               (no ring)
                                (no ring)

@: lethally poisoned (-2 -> -9), not resistant to hostile enchantments,
extremely unstealthy
A: retaliatory headbutt, horns 2
a: Depart the Abyss, Bend Space, Renounce Religion


You were on level 4 of the Dungeon.
You worshipped Lugonu.
Lugonu was pleased with you.
You were very hungry.

You visited 1 branch of the dungeon, and saw 4 of its levels.
You visited the Abyss 1 time.

You collected 85 gold pieces.


Innate Abilities, Weirdness & Mutations

You reflexively headbutt those who attack you in melee.
You have a pair of horns on your head.


   Skills:
 - Level 3.6 Fighting
 + Level 5.1 Long Blades
 - Level 2.4 Armour
 - Level 1.1 Dodging
 - Level 1.7 Invocations


You had 2 spell levels left.
You didn't know any spells.

Inventory:

Hand Weapons
 a - a +1 falchion (weapon)
Armour
 b - a +0 leather armour
 g - a +0 chain mail (worn)
 m - a +0 hat of intelligence (worn)
Scrolls
 e - a scroll of magic mapping {unknown}
 f - a scroll of fog {unknown}
 p - a scroll of remove curse {unknown}
 q - a scroll of fear {unknown}
Potions
 d - a potion of lignification {unknown}
 h - a potion of might {unknown}
 i - a potion of resistance {unknown}
 j - a potion of flight {unknown}
 n - a potion of brilliance {unknown}
 o - a potion of heal wounds {unknown}
Comestibles
 c - 2 bread rations
 k - 4 fruits
 l - a slice of pizza

Dungeon Overview and Level Annotations

Branches:
Dungeon (4/15)
 Temple: D:4-7

Altars:
Yredelemnul

Annotations:
D:4 Robin


Message History

You feel sick. The goblin barely misses you. The hobgoblin barely misses you.
Robin hits you from afar with a spear.
The hobgoblin hits you but does no damage.
You hit the hobgoblin. Your headbutt misses the hobgoblin.
The hobgoblin is severely wounded.
You feel sick. The goblin closely misses you.
The goblin hits you but does no damage. The goblin barely misses you.
The hobgoblin barely misses you. Robin hits you but does no damage.
The hobgoblin hits you with a club. The goblin hits you but does no damage.
You are too injured to fight recklessly!
You are too injured to fight recklessly!
You are too injured to fight recklessly!
You are too injured to fight recklessly!
You are too injured to fight recklessly!
You are too injured to fight recklessly!
You are too injured to fight recklessly!
You are too injured to fight recklessly!
You are too injured to fight recklessly!
You are too injured to fight recklessly!
You hit the goblin.
The goblin is severely wounded.
The goblin hits you but does no damage. x2; Robin throws the goblin at you!
The hobgoblin closely misses you. The hobgoblin hits you with a club.
The goblin hits you.
You feel sick. Robin hits you but does no damage.
The hobgoblin hits you with a club.
The goblin hits you with a dagger of electrocution.
The hobgoblin barely misses you. The goblin hits you but does no damage.
Things that are here:
a club; a hobgoblin corpse You slash Robin!
Robin is heavily wounded.
You feel sick. Robin hits you with a spear.
The goblin hits you with a dagger of electrocution.
You die...

.............#.... ....
.!...........#.... ....
####........#...# .....
#.......(...[...# .....
#...............# ......
#......$........#
......##......###...####
#...gg............# #
#...@g............# #
#..ggg.##......... #
#............... +..
................. ###
.....#####....##.. .....
o...# .... ....# ....
....


You could see Robin, an orc (wandering), 2 hobgoblins and 3 goblins.

Action                   || total
-------------------------++-------
Melee: Falchion          ||    86

Notes
Turn   | Place    | Note
--------------------------------------------------------------
     0 | Abyss:1  | Duffy the Minotaur Abyssal Knight began the quest for the Orb.
     0 | Abyss:1  | Reached XP level 1. HP: 19/19 MP: 1/1
    10 | D:1      | Escaped the Abyss
    13 | D:2      | Found a basalt altar of Yredelemnul.
    60 | D:1      | Reached skill level 3 in Long Blades
   121 | D:1      | Reached XP level 2. HP: 20/26 MP: 2/2
   586 | D:2      | Reached skill level 4 in Long Blades
   619 | D:2      | Reached ** piety under Lugonu
   757 | D:2      | Reached XP level 3. HP: 15/31 MP: 3/3
  1299 | D:4      | Reached skill level 5 in Long Blades
  1312 | D:4      | Noticed Robin
  1323 | D:4      | Slain by a goblin

Vault maps used:
D:1:      dpeg_arrival_stonehenge_8_columns
D:2:      lemuel_doored_altar, first_bread, grunt_ministairs_9
D:4:      nicolae_tso_swordbearing_angel, minmay_temple_entry_grid,
          minmay_ogre_servants, uniq_robin
Abyss:1:  due_exit_kobolds

Vanquished Creatures
  2 adders
  A worm
  A dart slug
  A ball python
  4 giant cockroaches
  10 goblins
  4 hobgoblins
  2 jackals
  3 bats
  A giant newt
  4 kobolds
  3 rats
36 creatures vanquished.
